 Dungeon Crawl Stone Soup version 0.27-a0-1084-g78b3836a5f (webtiles) character file.

Game seed: 14891269222656313609

10372 dolemite99 the Fighter (level 11, 0/150 HPs)
             Began as a Minotaur Hunter on Apr 27, 2021.
             Was an Elder of Sif Muna.
             Slain by a centaur warrior simulacrum (14 damage)
             ... on level 11 of the Dungeon.
             The game lasted 00:25:08 (19188 turns).

dolemite99 the Fighter (Minotaur Hunter)           Turns: 19188, Time: 00:25:09

Health: 0/150      AC: 25    Str: 20    XL:     11   Next: 35%
Magic:  15/15      EV:  2    Int:  8    God:    Sif Muna [****..]
Gold:   344        SH:  0    Dex: 11    Spells: 1/15 levels left

rFire    . . .     SeeInvis .   a - +4 dagger (venom)
rCold    + . .     Faith    .   (no shield)
rNeg     + + +     Spirit   .   (armour currently unavailable)
rPois    +         Reflect  .   (helmet currently unavailable)
rElec    .         Harm     .   (cloak currently unavailable)
rCorr    .         Rampage  .   (gloves currently unavailable)
Will     .....     NoTele   +   (boots currently unavailable)
Stlth    +.........             (no amulet)
HPRegen  0.35/turn              d - ring of positive energy
MPRegen  0.14/turn              v - ring of protection from cold

@: mighty, tree-form
A: stationary, stasis, torment immunity, boosted hp, (horns 2), (retaliatory
headbutt)
a: Renounce Religion, Channel Magic, Forget Spell, Divine Exegesis


You were on level 11 of the Dungeon.
You worshipped Sif Muna.
Sif Muna was greatly pleased with you.
You were a tree.
You visited 1 branch of the dungeon, and saw 11 of its levels.

You collected 617 gold pieces.
You spent 273 gold pieces at shops.

Inventory:

Hand Weapons
 a - a +4 dagger of venom (weapon)
 b - a +2 shortbow of flaming
 w - a +2 short sword of holy wrath
 H - a +0 long sword
Missiles
 e - 202 stones
 f - 12 poisoned darts
 i - 123 sling bullets
 m - 4 atropa-tipped darts
 q - 7 javelins (quivered)
 u - 36 boomerangs
 x - 77 bolts
 E - 126 arrows
Armour
 k - a +2 cloak of poison resistance (melded)
 D - a +2 chain mail (melded)
Jewellery
 d - a ring of positive energy (left branch)
 o - an amulet of faith
 r - a ring of willpower
 v - a ring of protection from cold (right branch)
Scrolls
 h - 2 scrolls of identify {@r1}
 l - a scroll of magic mapping
 y - 2 scrolls of teleportation
 z - a scroll of fear
 G - a scroll of blinking
 I - a scroll of holy word
Potions
 c - a potion of resistance {unknown}
 g - 3 potions of brilliance
 j - 2 potions of might
 p - a potion of attraction {unknown}
 s - 3 potions of curing {unknown}
 t - a potion of berserk rage
 A - a potion of mutation {unknown}
 C - a potion of flight
 J - a potion of heal wounds {unknown}
Miscellaneous
 F - a box of beasts (inert)


   Skills:
 - Level 10.2 Fighting
 - Level 9.2 Short Blades
 - Level 5.6 Bows
 - Level 5.6 Armour
 - Level 2.1 Dodging
 - Level 0.7 Stealth
 - Level 2.5 Spellcasting
 + Level 7.1 Summonings
 - Level 6.7 Invocations


You had one spell level left.
You knew the following spells:

 Your Spells              Type           Power      Damage    Failure   Level
a - Summon Lightning Spi  Summ/Air       6%         N/A       61%         4
b - Call Imp              Summ           12%        N/A       2%          2
c - Poisonous Vapours     Pois/Air       2%         N/A       45%         2
d - Animate Skeleton      Necr           2%         N/A       34%         1
e - Mephitic Cloud        Conj/Pois/Air  1%         N/A       71%         3
f - Passwall              Tmut/Erth      0%         N/A       45%         2

Your spell library contained the following spells:

 Spells                   Type           Power      Damage    Failure   Level
 Summon Small Mammal      Summ           48%        N/A       1%          1
 Freeze                   Ice            4%         1d3       34%         1
 Pain                     Necr           4%         1d4       34%         1
 Sandblast                Erth           2%         2d4       34%         1
 Sting                    Tmut/Pois      4%         1d3       34%         1
 Call Canine Familiar     Summ           12%        N/A       5%          3
 Summon Guardian Golem    Hex/Summ       6%         N/A       24%         3
 Summon Ice Beast         Ice/Summ       6%         N/A       61%         4
 Frozen Ramparts          Ice            2%         1d2       71%         3
 Ignite Poison            Fire/Tmut/Pois 1%         N/A       71%         3
 Ozocubu's Armour         Ice            1%         N/A       71%         3
 Stone Arrow              Conj/Erth      2%         3d7       71%         3
 Vampiric Draining        Necr           0%         2d6       71%         3
 Animate Dead             Necr           0%         N/A       98%         4
 Hailstorm                Conj/Ice       1%         3d3       98%         4
 Ice Form                 Ice/Tmut       1%         N/A       98%         4
 Olgreb's Toxic Radiance  Pois           1%         N/A       98%         4
 Petrify                  Tmut/Erth      1%         N/A       98%         4
 Agony                    Necr           1%         N/A       100%        5
 Lee's Rapid Deconstruct  Erth           0%         3d5*      100%        5
 Metabolic Englaciation   Hex/Ice        0%         N/A       100%        5
 Freezing Cloud           Conj/Ice/Air   0%         6-21      100%        6
 Simulacrum               Ice/Necr       0%         N/A       100%        6
 Ozocubu's Refrigeration  Ice            0%         4d5       100%        7


Dungeon Overview and Level Annotations

Branches:
Dungeon (11/15)            Temple (0/1) D:6            Lair (0/6) D:10
    Orc: D:9-12

Altars:
Ashenzari
Elyvilon
Fedhas
Hepliaklqana
Makhleb
Nemelex Xobeh
Sif Muna
Xom
The Shining One

Shops:
D:1 ?

Annotations:
D:10 exclusion: oklob plant


Innate Abilities, Weirdness & Mutations

You are a tree.
Your roots penetrate the ground, keeping you stationary.
You cannot be teleported.
You are immune to unholy pain and torment.
Your maximum health is greatly increased.
Your equipment is partially melded.
((You have a pair of horns on your head.))
((You reflexively headbutt those who attack you in melee.))


Message History

The centaur warrior simulacrum freezes you!!
You are too injured to fight recklessly!
You are too injured to fight recklessly!
You are too injured to fight recklessly!
Fire: 127 arrows
Press: ? - help, Q - select action, (/) - cycle Shift-Dir - straight line, f/p - centaur warrior simulacrum
Aim: a centaur warrior simulacrum (severely damaged, 87% to hit)
You shoot an arrow.
The arrow hits the centaur warrior simulacrum.
The arrow melts the centaur warrior simulacrum.
The centaur warrior simulacrum is almost destroyed.
The centaur warrior simulacrum hits you but does no damage.
The centaur warrior simulacrum kicks you but does no damage.
The centaur warrior simulacrum hits you but does no damage.
The centaur warrior simulacrum kicks you.
The centaur warrior simulacrum freezes you!!
* * * LOW HITPOINT WARNING * * *
v - a ring of protection from cold (right hand) Really quaff the potion of lignification?
You turn into a tree.
Your +2 cloak of poison resistance melds into your body.
Your +2 chain mail melds into your body.
You no longer feel resistant to poison.
Your roots penetrate the ground.
The centaur warrior simulacrum hits you but does no damage.
The centaur warrior simulacrum kicks you but does no damage.
The centaur warrior simulacrum hits you but does no damage.
The centaur warrior simulacrum kicks you but does no damage.
Okay, then.
You feel very mighty all of a sudden.
The centaur warrior simulacrum hits you but does no damage.
The centaur warrior simulacrum kicks you but does no damage.
Your +2 shortbow of flaming stops flaming.
You are now empty-handed.
Your +4 dagger of venom begins to drip with poison!
a - a +4 dagger of venom (weapon)
The centaur warrior simulacrum hits you.
* * * LOW HITPOINT WARNING * * *
The centaur warrior simulacrum freezes you!
You resist.
You die...

#.########
#........#
########.#
#.# #.#
#.# #.#
####.##
#(.†Z♣#
#.##### #


You could see a centaur warrior simulacrum.

Vanquished Creatures
  A boulder beetle (D:10)
  A manticore (D:11)
  A cyclops (D:11)
  Psyche (D:10)
  A hornet (D:8)
  A centaur simulacrum (D:11)
  A wraith (D:11)
  2 wyverns
  2 shadows
  10 yaks
  Menkaure (D:6)
  2 water moccasins
  An acid dragon (D:11)
  5 ice beasts
  2 sky beasts
  Duvessa (D:4)
  3 orc warriors
  A wolf (D:11)
  6 centaurs
  2 ogres
  A phantom (D:5)
  2 bullfrogs (D:7)
  A kobold brigand (D:7)
  3 scorpions
  Dowan (D:4)
  A water moccasin zombie (D:5)
  4 killer bees (D:10)
  12 wights
  An electric eel (D:11)
  6 howler monkeys
  7 centaur zombies
  8 orc priests
  Crazy Yiuf (D:6)
  2 hounds
  A gnoll shaman (D:4)
  A scorpion zombie (D:5)
  11 orc wizards
  3 iguanas
  A killer bee zombie (D:9)
  A howler monkey zombie (D:8)
  A howler monkey skeleton (D:3)
  6 gnolls
  6 adders
  A shadow imp (D:6)
  5 white imps
  2 ufetubi
  An adder skeleton (D:5)
  3 worms
  28 orcs
  9 ball pythons
  5 bats
  6 endoplasms
  2 giant cockroaches
  5 goblins
  5 hobgoblins
  10 jackals
  5 quokkas
  2 frilled lizards (D:1)
  11 kobolds
  2 rats
228 creatures vanquished.

Vanquished Creatures (collateral kills)
  A wyvern (D:8)
  An orc warrior (D:8)
  3 killer bees (D:8)
  An ufetubus (D:11)
6 creatures vanquished.

Vanquished Creatures (others)
  An orc wizard (D:10)
  A fungus (D:6)
  7 plants (D:10)
9 creatures vanquished.

Grand Total: 243 creatures vanquished

Notes
Turn   | Place    | Note
-------+----------+-------------------------------------------
     0 | D:1      | dolemite99 the Minotaur Hunter began the quest for the Orb.
     0 | D:1      | Reached XP level 1. HP: 18/18 MP: 0/0
   140 | D:1      | Reached skill level 3 in Fighting
   300 | D:1      | Reached skill level 1 in Short Blades
   300 | D:1      | Reached XP level 2. HP: 25/26 MP: 1/1
   617 | D:1      | Found Ishap's Magic Scroll Shoppe.
  1269 | D:2      | Found a faded altar of an unknown god.
  1298 | D:2      | Reached XP level 3. HP: 31/31 MP: 2/2
  1358 | D:2      | Became a worshipper of Sif Muna the Loreminder
  1358 | D:2      | Reached * piety under Sif Muna
  1827 | D:2      | Found a glowing golden altar of the Shining One.
  2186 | D:3      | Found a hazy altar of Hepliaklqana.
  2216 | D:3      | Reached XP level 4. HP: 20/38 MP: 3/3
  2772 | D:3      | Found a sparkling altar of Nemelex Xobeh.
  2969 | D:3      | Noticed an ice beast
  2985 | D:3      | Killed an ice beast
  2986 | D:3      | Reached skill level 5 in Short Blades
  2986 | D:3      | Reached XP level 5. HP: 36/45 MP: 4/4
  3236 | D:3      | Reached ** piety under Sif Muna
  3553 | D:3      | Learned a level 4 spell: Summon Lightning Spire
  3586 | D:4      | Noticed Duvessa
  3586 | D:4      | Noticed Dowan
  3598 | D:4      | Killed Duvessa
  3599 | D:4      | Reached XP level 6. HP: 29/51 MP: 5/5
  3603 | D:4      | Killed Dowan
  4155 | D:4      | Reached XP level 7. HP: 57/57 MP: 6/6
  4936 | D:4      | Found a shimmering altar of Xom.
  5284 | D:5      | Entered Level 5 of the Dungeon
  5466 | D:5      | Noticed a wyvern
  5473 | D:5      | Killed a wyvern
  5627 | D:5      | Reached skill level 4 in Fighting
  6082 | D:5      | Reached skill level 5 in Fighting
  6082 | D:5      | Reached XP level 8. HP: 60/69 MP: 7/7
  6159 | D:5      | Reached skill level 6 in Fighting
  6872 | D:6      | Noticed Menkaure
  7357 | D:6      | Killed Menkaure
  7358 | D:6      | Reached skill level 7 in Fighting
  7734 | D:5      | Reached skill level 8 in Fighting
  8247 | D:6      | Found a staircase to the Ecumenical Temple.
  8280 | D:6      | Reached skill level 9 in Fighting
  8761 | D:6      | Reached *** piety under Sif Muna
  8827 | D:6      | Found a runed translucent door.
  8828 | D:6      | Noticed Crazy Yiuf
  8836 | D:6      | Killed Crazy Yiuf
  8837 | D:6      | Reached skill level 10 in Fighting
  8837 | D:6      | Reached XP level 9. HP: 72/85 MP: 8/8
  9716 | D:1      | Bought a scroll of teleportation for 42 gold pieces
  9716 | D:1      | Bought a scroll of identify for 28 gold pieces
  9716 | D:1      | Bought a scroll of teleportation for 42 gold pieces
  9716 | D:1      | Bought a scroll of identify for 28 gold pieces
  9716 | D:1      | Bought a scroll of blinking for 105 gold pieces
  9716 | D:1      | Bought a scroll of identify for 28 gold pieces
  9983 | D:7      | Reached skill level 1 in Armour
 10586 | D:7      | Found a burning altar of Makhleb.
 10657 | D:7      | Reached skill level 5 in Armour
 11174 | D:7      | Reached skill level 5 in Bows
 11390 | D:7      | Found a white marble altar of Elyvilon.
 11854 | D:8      | Reached skill level 1 in Summonings
 12757 | D:8      | Found a blossoming altar of Fedhas.
 13054 | D:8      | Reached XP level 10. HP: 84/93 MP: 9/9
 13984 | D:9      | Reached skill level 5 in Summonings
 13994 | D:9      | Reached **** piety under Sif Muna
 14071 | D:9      | Learned a level 2 spell: Call Imp
 14168 | D:9      | Reached skill level 1 in Spellcasting
 14374 | D:9      | Found a shimmering blue altar of Sif Muna.
 14862 | D:9      | Reached skill level 1 in Invocations
 15231 | D:10     | Entered Level 10 of the Dungeon
 15313 | D:10     | Found a staircase to the Lair.
 15597 | D:10     | Noticed an oklob plant
 15608 | D:10     | Found a broken altar of Ashenzari.
 15813 | D:10     | Noticed a boulder beetle
 15867 | D:10     | Killed a boulder beetle
 15868 | D:10     | Reached skill level 5 in Invocations
 15946 | D:10     | Noticed Psyche
 16077 | D:10     | Killed Psyche
 16540 | D:10     | Reached XP level 11. HP: 90/100 MP: 13/15
 16652 | D:10     | Learned a level 2 spell: Poisonous Vapours
 16654 | D:10     | Learned a level 1 spell: Animate Skeleton
 16658 | D:10     | Learned a level 3 spell: Mephitic Cloud
 16661 | D:10     | Learned a level 2 spell: Passwall
 18203 | D:11     | Identified the +2 robe of the Wasteland {Harm Rampage
                  | Int-4}
 19188 | D:11     | Slain by a centaur warrior simulacrum

Illustrated notes

Levels and vault maps discovered:
D:1:      erik_arrival_orb_chamber, layout_loops_ring, serial_shops,
          nicolae_shop_trees, minmay_misc_feat_rows
D:2:      layout_loops_corners, basic_altar, ebering_ecumenical_altar_ruins
D:3:      layout_basic, lemuel_coloured_pillars_altar,
          nzn_hepliaklqana_mist_gate, minmay_circle_x
D:4:      layout_basic, nicolae_overflow_crystal_walls, kennysheep_small_spiral,
          uniq_duvessa
D:5:      layout_basic, minmay_crossroads
D:6:      layout_basic, minmay_temple_entry_glass, uniq_crazy_yiuf_cottage,
          uniq_menkaure
D:7:      layout_loops_ring, elyvilon_altar_5, old_standard_altar
D:8:      layout_basic, fedhas_altar_1, hangedman_minor_gate_pass
D:9:      layout_loops_ring, lemuel_tele_altar
D:10:     layout_basic, ashenzari_conservatory_becter, dpeg_oklobed_lair,
          uniq_psyche
D:11:     layout_basic, kennysheep_orc_monster_closet_entryway, serial_ice,
          serial_ice_l, serial_ice_f, serial_ice_n, serial_ice_e, serial_ice_g,
          serial_ice_b, columned_hall_lemuel

Skill      XL: |  1  2  3  4  5  6  7  8  9 10 11 |
---------------+----------------------------------+-----
Fighting       | 3 5 10 | 10.2
Short Blades   | 1 2 3 5 6 7 9 |  9.2
Armour         | 5 |  5.6
Bows           | 5 |  5.6
Summonings     | 4 5 7 |  7.1
Spellcasting   | 2 |  2.5
Invocations    | 6 |  6.7
Dodging        | |  2.1
Stealth        | |  0.7

Action                   |  1- 3 |  4- 6 |  7- 9 | 10-12 || total
-------------------------+-------+-------+-------+-------++-------
Melee: Short sword       |    32 |       |       |       ||    32
       Headbutt          |     9 |    17 |    61 |    43 ||   130
       Dagger            |    52 |   102 |   284 |   172 ||   610
 Fire: Shortbow          |     7 |     2 |   110 |   223 ||   342
Throw: Stone             |    15 |       |     1 |       ||    16
       Javelin           |       |    21 |    22 |    15 ||    58
 Cast: Call Imp          |       |       |       |     2 ||     2
Invok: Channel Magic     |       |       |     1 |       ||     1
Evoke: Wand              |       |       |     6 |     6 ||    12
       Box of beasts     |       |       |       |     1 ||     1
  Use: Scroll            |     1 |       |    18 |     8 ||    27
       Potion            |     1 |     2 |     1 |     3 ||     7
 Stab: Distracted        |       |       |       |     1 ||     1
Armor: Leather armour    |    12 |       |       |       ||    12
       Ring mail         |    13 |    23 |    15 |       ||    51
       Chain mail        |       |       |    84 |    72 ||   156
       Plate armour      |       |       |     3 |   113 ||   116
       Skin              |       |       |       |     6 ||     6
Dodge: Dodged            |    47 |    53 |    94 |    63 ||   257
Block: Buckler           |       |       |     2 |       ||     2

Table legend: (Time is in decaauts)
 A = Elapsed time spent in this place.
 B = Non-inter-level travel time spent in this place.
 C = Inter-level travel time spent in this place.
 D = Time resting spent in this place.
 E = Time spent auto-exploring this place.
 F = Levels seen in this place.
 G = Mean time per level.
                   A        B        C        D        E       F      G
               +--------+--------+--------+--------+--------+-----+--------+
         Total |  18952 |  17978 |    974 |   7762 |   7632 |  11 | 1722.9 |
       Dungeon |  18952 |  17978 |    974 |   7762 |   7632 |  11 | 1722.9 |
               +--------+--------+--------+--------+--------+-----+--------+

Top non-repeatable levels by time:
     D:5: 2553 daAuts
     D:6: 2263 daAuts
     D:8: 2167 daAuts
    D:10: 2155 daAuts
    D:11: 1777 daAuts
     D:4: 1723 daAuts
     D:2: 1387 daAuts
     D:7: 1282 daAuts
     D:1: 1275 daAuts
     D:9: 1271 daAuts
     D:3: 1094 daAuts
